 Dungeon Crawl Stone Soup version 0.26-a0-835-g8259106e14 (webtiles) character file.

Game seed: 16131640319728728282

48 iamoutofideas the Chucker (level 3, -4/35 HPs)
             Began as a Troll Hunter on Nov 17, 2020.
             Slain by Sigmund
             ... wielding a +0 scythe
              (15 damage)
             ... on level 2 of the Dungeon.
             The game lasted 00:01:57 (1195 turns).

iamoutofideas the Chucker (Troll Hunter)            Turns: 1195, Time: 00:01:58

Health: -4/35      AC:  6    Str: 21    XL:     3   Next: 50%
Magic:  2/2        EV: 10    Int:  7    God:
Gold:   117        SH:  0    Dex: 10    Spells: 2/2 levels left

rFire    . . .     SeeInvis .     - Unarmed
rCold    . . .     Faith    .   (no shield)
rNeg     . . .     Spirit   .   b - +0 robe
rPois    .         Reflect  .   (helmet restricted)
rElec    .         Harm     .   (no cloak)
rCorr    .         Rampage  .   (gloves unavailable)
MR       .....                  (boots unavailable)
Stlth    +.........             (no amulet)
HPRegen  0.51/turn              (no ring)
MPRegen  0.08/turn              (no ring)

@: lethally poisoned (-4 -> -5)
A: large, unfitting armour, claws 3, regeneration 1, shaggy fur 1, tough skin 3
a: no special abilities


You were on level 2 of the Dungeon.
You visited 1 branch of the dungeon, and saw 2 of its levels.

You collected 117 gold pieces.

Inventory:

Missiles
 c - 5 large rocks (quivered)
 d - 2 throwing nets
 e - 101 stones
 i - 3 boomerangs
Armour
 b - a +0 robe (worn)
Scrolls
 a - 2 scrolls of teleportation {unknown}
 f - 4 scrolls of identify {unknown}
 j - a scroll of remove curse {unknown}
Potions
 g - a potion of haste {unknown}
 h - a potion of brilliance {unknown}


   Skills:
 - Level 1.6 Fighting
 - Level 4.3 Throwing
 - Level 1.7 Dodging
 - Level 0.6 Stealth
 + Level 1.4 Unarmed Combat


You had 2 spell levels left.
You didn't know any spells.
Your spell library was empty.

Dungeon Overview and Level Annotations

Branches:
Dungeon (2/15)

Altars:

Annotations:
D:2 Sigmund


Innate Abilities, Weirdness & Mutations

You are too large for most types of armour.
You have claws for hands.
Your natural rate of healing is unusually fast.
You are covered in fur. (AC +1)
You have extremely tough skin. (AC +3)


Message History

The adder bites you. The adder bites you.
You are poisoned.
The adder poisons you!
You feel sick. The adder misses you.
You feel sick. The adder bites you.
You are more poisoned.
The adder poisons you!
You feel sick.
You barely miss the adder. The adder bites you but does no damage.
You barely miss the adder.
You feel sick. The adder bites you but does no damage. Something hits you.
* * * LOW HITPOINT WARNING * * *
The adder barely misses you.
You claw the adder!
You kill the adder!
Something hits you!
You die...

###.#
......#.#####
#...# #######.#
#.###############.
#....†....r....#
##############.#
##### #r# #...#
#{# #.#.# #†#
#.#.. #@# #.###
#.# #.# #.# #.#
#.# #.# #.# #.#
#.# #.# #.# #.#
#.############.#
#..............#


You could see a rat.

Vanquished Creatures
  2 adders (D:2)
  An ooze (D:2)
  A worm (D:2)
  3 dart slugs (D:1)
  2 leopard geckos (D:1)
  2 giant cockroaches
  2 goblins (D:1)
  2 hobgoblins (D:2)
  2 jackals (D:1)
  2 kobolds (D:1)
  A ball python (D:1)
  2 bats
  2 frilled lizards
  A rat (D:2)
25 creatures vanquished.

Notes
Turn   | Place    | Note
-------+----------+-------------------------------------------
     0 | D:1      | iamoutofideas the Troll Hunter began the quest for the Orb.
     0 | D:1      | Reached XP level 1. HP: 19/19 MP: 0/0
   180 | D:1      | Reached skill level 4 in Throwing
   198 | D:1      | Reached XP level 2. HP: 27/27 MP: 1/1
   813 | D:2      | Reached XP level 3. HP: 35/35 MP: 2/2
   903 | D:2      | Reached skill level 1 in Unarmed Combat
  1103 | D:2      | Noticed Sigmund
  1195 | D:2      | Slain by Sigmund

Illustrated notes

Levels and vault maps discovered:
D:1:      dpeg_arrival_chambers_temple_mockup, layout_loops_ring, moated_statue
D:2:      layout_basic, uniq_robin, uniq_sigmund

Skill      XL: |  1  2  3 |
---------------+----------+-----
Throwing       | 4 |  4.3
Unarmed Combat | 1 |  1.4
Fighting       | |  1.6
Dodging        | |  1.7
Stealth        | |  0.6

Action                   || total
-------------------------++-------
Melee: Unarmed           ||    96
 Stab: Sleeping          ||     2
Armor: Robe              ||    46
Dodge: Dodged            ||    50

Table legend: (Time is in decaauts)
 A = Elapsed time spent in this place.
 B = Non-inter-level travel time spent in this place.
 C = Inter-level travel time spent in this place.
 D = Time resting spent in this place.
 E = Time spent auto-exploring this place.
 F = Levels seen in this place.
 G = Mean time per level.
                   A        B        C        D        E       F      G
               +--------+--------+--------+--------+--------+-----+--------+
         Total |   1193 |   1144 |     49 |      0 |    875 |   2 |  596.5 |
       Dungeon |   1193 |   1144 |     49 |      0 |    875 |   2 |  596.5 |
               +--------+--------+--------+--------+--------+-----+--------+

Top non-repeatable levels by time:
     D:1: 757 daAuts
     D:2: 436 daAuts
